 Dungeon Crawl Stone Soup version 0.26.1-11-gd32895ea62 (webtiles) character file.

Game seed: 16778072338726700934

4013 Gwenloh the Zephyrmancer (level 10, -3/112 HPs)
             Began as a Naga Air Elementalist on May 18, 2021.
             Was a Priest of Sif Muna.
             Slain by a cyclops (7 damage)
             ... on level 9 of the Dungeon.
             The game lasted 00:44:37 (11560 turns).

Gwenloh the Zephyrmancer (Naga Air Elementalist)   Turns: 11560, Time: 00:44:38

Health: -3/112     AC: 25    Str: 12    XL:     10   Next: 23%
Magic:  0/22       EV:  1    Int: 21    God:    Sif Muna [***...]
Gold:   552        SH:  0    Dex: 11    Spells: 3/13 levels left

rFire    + . .     SeeInvis +   H - +8 quarterstaff of Honour {vorpal, rPois rF+ Int+3 SInv}
rCold    . . .     Faith    .   (shield currently unavailable)
rNeg     + + +     Spirit   +   (armour currently unavailable)
rPois    +         Reflect  .   (helmet currently unavailable)
rElec    .         Harm     .   (cloak currently unavailable)
rCorr    .         Rampage  .   (gloves currently unavailable)
Will     +....     NoTele   +   (no barding)
Stlth    ++........             J - amulet of guardian spirit
HPRegen  0.28/turn              b - ring of magical power
MPRegen  0.18/turn              d - ring of wizardry

@: short of breath, tree-form, attractive
A: large, see invisible, spit poison 1, AC +3
a: Spit Poison, Renounce Religion, Channel Magic, Forget Spell


You were on level 9 of the Dungeon.
You worshipped Sif Muna.
Sif Muna was most pleased with you.
You were a tree.
You visited 2 branches of the dungeon, and saw 10 of its levels.

You collected 552 gold pieces.

Inventory:

Hand Weapons
 j - a +0 dagger
 m - a +0 whip
 u - a +2 quarterstaff of chaos
 H - the +8 quarterstaff of Honour (weapon) {vorpal, rPois rF+ Int+3 SInv}
   (You found it on level 5 of the Dungeon)

   It inflicts extra damage upon your enemies.
   It affects your intelligence (+3).
   It protects you from fire.
   It protects you from poison.
   It lets you see invisible.
Armour
 a - a +0 robe
 g - a +0 leather armour
 v - a +0 cloak
 x - a cursed +0 leather armour (melded)
 C - a +0 barding (melded)
 O - a +0 cloak (melded)
Jewellery
 b - a ring of magical power (left branch)
 d - a ring of wizardry (right branch)
 f - a +4 ring of evasion
 J - an amulet of guardian spirit (around neck)
Wands
 s - a wand of flame (47)
 G - a wand of iceblast (11)
 K - a wand of paralysis (10)
Scrolls
 e - 8 scrolls of identify {unknown}
 h - 3 scrolls of amnesia {unknown}
 i - a scroll of blinking {unknown}
 k - 3 scrolls of enchant armour {unknown}
 l - 4 scrolls of random uselessness {unknown}
 o - 7 scrolls of remove curse {unknown}
 p - 3 scrolls of enchant weapon {unknown}
 y - a scroll of magic mapping {unknown}
 B - a scroll of immolation {unknown}
 E - 2 scrolls of teleportation {unknown}
 L - a scroll of fog {unknown}
 N - a scroll of noise {unknown}
Potions
 c - 2 potions of brilliance {unknown}
 n - a potion of invisibility {unknown}
 q - 2 potions of ambrosia {unknown}
 r - 3 potions of attraction
 t - 3 potions of lignification
 w - 2 potions of heal wounds {unknown}
 z - a potion of flight {unknown}
 A - a potion of degeneration {unknown}
 D - a potion of mutation {unknown}
 F - 2 potions of magic {unknown}
 I - a potion of curing
 M - 2 potions of haste {unknown}


   Skills:
 - Level 1.5 Dodging
 - Level 3.0 Stealth
 - Level 2.0 Spellcasting
 + Level 8.4 Conjurations
 * Level 12.0 Air Magic


You had 3 spell levels left.
You knew the following spells:

 Your Spells              Type           Power        Failure   Level
a - Shock                 Conj/Air       100%         1%          1
b - Static Discharge      Conj/Air       45%          1%          3
c - Airstrike             Air            25%          1%          4
d - Swiftness             Air            51%          1%          2

Your spell library contained the following spells:

 Spells                   Type           Power        Failure   Level
 Magic Dart               Conj           100%         1%          1
 Searing Ray              Conj           74%          1%          2
 Dazzling Flash           Conj/Hex       38%          3%          3
 Animate Skeleton         Necr           4%           6%          1
 Apportation              Tloc           4%           6%          1
 Corona                   Hex            2%           6%          1
 Summon Small Mammal      Summ           8%           6%          1
 Lightning Bolt           Conj/Air       22%          2%          5
 Fulminant Prism          Conj/Hex       9%           11%         4
 Iskenderun's Mystic Bla  Conj/Tloc      19%          11%         4


Dungeon Overview and Level Annotations

Branches:
Dungeon (9/15)             Temple (1/1) D:4
   Lair: D:8-11         Orc: D:9-12

Altars:
Ashenzari
Cheibriados
Dithmenos
Elyvilon
Fedhas
Gozag
Hepliaklqana
Kikubaaqudgha
Makhleb
Nemelex Xobeh
Okawaru
Qazlal
Ru
Sif Muna
Trog
Uskayaw
Vehumet
Wu Jian
Xom
Yredelemnul
Zin
The Shining One

Shops:
D:5 :

Annotations:
D:7 exclusion: statue


Innate Abilities, Weirdness & Mutations

You cannot wear boots.
((Your serpentine skin is tough. (AC +3)))
You have supernaturally acute eyesight. (SInv)
((Armour fits poorly on your strangely shaped body.))
((Your system is resistant to poisons. (rPois)))
((You cover ground very slowly.))
You can spit poison.


Message History

Your roots penetrate the ground.
The cyclops hits you but does no damage.
Casting: Static Discharge (safe; 1% risk of failure)
Confirm with . or Enter, or press ? or * to list all spells.
You don't have enough magic to cast that spell.
Unknown command.
Casting: Static Discharge (safe; 1% risk of failure)
Confirm with . or Enter, or press ? or * to list all spells.
You don't have enough magic to cast that spell.
Unknown command.
Press: ? - help, Shift-Dir - straight line, f - cyclops
Aim: a cyclops, quivering 4 large rocks (lightly wounded)
The splash of poison hits the cyclops.
The cyclops is moderately wounded.
The cyclops hits you.
* * * LOW HITPOINT WARNING * * *
You sock the cyclops!
The cyclops is heavily wounded.
The cyclops hits you!
You die...

## ..
.###
..# #C#
#♣#
#.#(###
#...(.#
###.#.#
#.#.#
#.#.#
#.#.#
#.#.#
#.#.#


You could see a cyclops.

Vanquished Creatures
  A deep elf mage (D:8)
  Joseph (D:9)
  2 black bears
  An orc warrior (D:7)
  3 ice beasts
  4 phantoms
  A sky beast (D:4)
  A necrophage (D:8)
  5 centaurs
  3 ogres
  3 scorpions
  4 killer bees (D:5)
  3 wights (D:9)
  A howler monkey (D:8)
  A bullfrog zombie (D:8)
  5 hounds
  Crazy Yiuf (D:2)
  4 orc priests
  Natasha (thrice) (D:2)
  2 iguanas
  4 orc wizards
  7 worker ants
  A hound zombie (D:2)
  3 hound skeletons
  Robin (D:4)
  13 adders
  2 shadow imps
  2 white imps
  An adder zombie (D:6)
  2 dart slugs
  4 worms
  4 leopard geckos
  24 orcs
  9 giant cockroaches
  14 goblins
  13 hobgoblins
  5 jackals
  7 quokkas
  2 ball pythons
  8 bats
  2 frilled lizards
  A jackal zombie (D:6)
  8 kobolds
  A leopard gecko zombie (D:8)
  A quokka zombie (D:7)
  6 rats
194 creatures vanquished.

Notes
Turn   | Place    | Note
-------+----------+-------------------------------------------
     0 | D:1      | Gwenloh the Naga Air Elementalist began the quest for the
                  | Orb.
     0 | D:1      | Reached XP level 1. HP: 15/15 MP: 3/3
   413 | D:1      | Reached XP level 2. HP: 22/22 MP: 5/5
   416 | D:1      | Learned a level 2 spell: Swiftness
   994 | D:1      | Reached XP level 3. HP: 28/28 MP: 6/6
   998 | D:1      | Learned a level 3 spell: Static Discharge
  1349 | D:2      | Reached skill level 4 in Air Magic
  1508 | D:2      | Found a sparkling altar of Nemelex Xobeh.
  1532 | D:2      | Reached XP level 4. HP: 33/36 MP: 7/7
  1643 | D:2      | Noticed Natasha
  1649 | D:2      | Killed Natasha
  1757 | D:2      | Noticed Natasha
  1770 | D:2      | Killed Natasha
  1771 | D:2      | Reached XP level 5. HP: 25/42 MP: 6/8
  2061 | D:2      | Reached skill level 5 in Air Magic
  2550 | D:2      | Noticed Natasha
  2554 | D:2      | Killed Natasha
  2555 | D:2      | Reached XP level 6. HP: 41/49 MP: 9/9
  2955 | D:2      | Found a runed translucent door.
  2956 | D:2      | Noticed Crazy Yiuf
  2964 | D:2      | Killed Crazy Yiuf
  3995 | D:4      | Found a staircase to the Ecumenical Temple.
  4017 | Temple   | Entered the Ecumenical Temple
  4177 | Temple   | Became a worshipper of Sif Muna the Loreminder
  4303 | D:4      | Reached skill level 6 in Air Magic
  4388 | D:4      | Noticed Robin
  4391 | D:4      | Killed Robin
  4589 | D:4      | Reached * piety under Sif Muna
  4843 | D:4      | Reached XP level 7. HP: 55/55 MP: 10/10
  5054 | D:5      | Entered Level 5 of the Dungeon
  5207 | D:5      | Reached skill level 7 in Air Magic
  5306 | D:5      | Found a sacrificial altar of Ru.
  5759 | D:5      | Reached skill level 5 in Conjurations
  5759 | D:5      | Reached XP level 8. HP: 61/62 MP: 11/11
  6059 | D:5      | Got a fine quarterstaff
  6060 | D:5      | Identified the +8 quarterstaff of Honour {vorpal, rPois rF+
                  | Int+3 SInv} (You found it on level 5 of the Dungeon)
  6146 | D:5      | Reached skill level 8 in Air Magic
  6281 | D:5      | Found Ydday's Book Shop.
  7099 | D:6      | Learned a level 4 spell: Airstrike
  7111 | D:6      | Reached skill level 9 in Air Magic
  7827 | D:7      | Reached XP level 9. HP: 67/68 MP: 9/12
  8208 | D:7      | Reached ** piety under Sif Muna
  8215 | D:7      | Reached skill level 10 in Air Magic
  8331 | D:7      | Found a radiant altar of Vehumet.
  9123 | D:7      | Found an opulent altar of Gozag.
  9123 | D:7      | Found a snail-covered altar of Cheibriados.
  9370 | D:8      | Noticed a deep elf mage
  9376 | D:8      | Killed a deep elf mage
  9730 | D:8      | Reached skill level 11 in Air Magic
 10231 | D:8      | Reached *** piety under Sif Muna
 10480 | D:8      | Reached XP level 10. HP: 75/75 MP: 11/13
 10691 | D:8      | Found a sacrificial altar of Ru.
 10905 | D:8      | Found a hazy altar of Hepliaklqana.
 11432 | D:9      | Noticed Joseph
 11442 | D:9      | Killed Joseph
 11551 | D:9      | Noticed a cyclops
 11555 | D:9      | Reached skill level 12 in Air Magic
 11559 | D:9      | HP: 4/112 [cyclops (3)]
 11560 | D:9      | Slain by a cyclops

Illustrated notes

Levels and vault maps discovered:
D:1:      nicolae_arrival_somewhat_less_tricky_arrival, layout_basic
D:2:      layout_loops_ring, lemuel_crystal_altar, uniq_natasha,
          uniq_crazy_yiuf_cottage
D:3:      layout_loops_cross
D:4:      layout_loops_cross, minmay_temple_entry_gardened_gates, uniq_robin
D:5:      layout_loops_corners, kennysheep_mini_moat, serial_shops,
          nicolae_shop_crystal
D:6:      layout_basic
D:7:      minmay_spotlight, layout_basic, vehumet_statue,
          amethyst_overflow_temple_binary
D:8:      minmay_ornate_pinched, layout_layer_cave, nzn_hepliaklqana_mist_gate,
          nicolae_ru_great_annihilating_truth
D:9:      layout_loops_ring, minmay_misc_feat_rows, uniq_joseph
Temple:   regret_index_temple_sphere_string

Skill      XL: |  1  2  3  4  5  6  7  8  9 10 |
---------------+-------------------------------+-----
Conjurations   | 2 3 4 5 6 8 |  8.4
Air Magic      | 4 5 6 7 9 11 12 | 12.0
Dodging        | |  1.5
Stealth        | |  3.0
Spellcasting   | |  2.0

Action                   |  1- 3 |  4- 6 |  7- 9 | 10-12 || total
-------------------------+-------+-------+-------+-------++-------
Melee: Dagger            |       |     6 |       |       ||     6
       Quarterstaff      |       |       |     9 |     1 ||    10
 Cast: Shock             |    67 |   125 |   198 |    19 ||   409
       Swiftness         |     1 |     1 |     1 |       ||     3
       Static Discharge  |     6 |    25 |    59 |     8 ||    98
       Airstrike         |       |       |     5 |     9 ||    14
Invok: Channel Magic     |       |       |       |     1 ||     1
 Abil: Spit Poison       |       |     4 |     1 |     1 ||     6
  Use: Potion            |       |       |       |     2 ||     2
Armor: Leather armour    |     1 |     6 |    29 |     5 ||    41
       Skin              |       |       |       |     1 ||     1
Dodge: Dodged            |    10 |    12 |    31 |     2 ||    55
